[Event "Late-Titled-Tuesday-Blitz-April-23-2024"]
[Site "Chess.com"]
[Date "2024.04.23"]
[Round "8"]
[White "Brahianzevich"]
[Black "titomagno_64"]
[Result "1/2-1/2"]
[WhiteElo "2468"]
[BlackElo "2321"]
[TimeControl "180+1"]
[EndTime "15:31:03 PDT"]
[Termination "Game drawn - insufficient material"]

1. e4 g6 2. d4 Nf6 3. Nd2 d5 4. e5 Ne4 5. Bd3 c5 6. c3 Nc6 7. Nxe4 dxe4 8. Bxe4 cxd4 9. Bxc6+ bxc6 10. Qxd4 Qc7 11. Nf3 Bg7 12. O-O O-O 13. Bf4 Be6 14.
Rfe1 c5 15. Qe3 Rab8 16. b3 Rfd8 17. Bh6 Bh8 18. Ng5 Rb6 19. c4 Rd4 20. Nf3 Rd7 21. h3 a5 22. Rad1 Ra6 23. Bf4 Rc6 24. Ng5 Qc8 25. Nxe6 Rxe6 26. Rxd7 Qxd7 27. Qxc5 Ra6 28. Qd5 Qe8 29. e6 f5 30. Be5 Bxe5 31. Qxe5 Qd8 32. h4 h5 33. Re3 Qd6 34. Qxd6 Rxd6 35. c5 Rd1+ 36. Kh2 Rc1 37. Re5 Kg7 38. f4 Rc2 39.
a3 Rb2 40. b4 axb4 41. axb4 Rxb4 42. Rd5 Rc4 43. Re5 Rxf4 44. Kg3 Rg4+ 45. Kh3 Kf6 46. Rd5 Rc4 47. Rd8 Kxe6 48. Rc8 Kd5 49. Rg8 Rg4 50. Rd8+ Kxc5 51. Rd7 e5 52. Rd8 Rd4 53. Rg8 Rd6 54.
Kg3 Kd4 55. Kf3 f4 56. Ra8 e4+ 57. Kxf4 Rf6+ 58. Kg5 Rf2 59. Kxg6 Rxg2+ 60. Kxh5 e3 61. Rd8+ Ke5 62. Re8+ Kf4 63. Rf8+ Kg3 64. Re8 e2 65. Kg5 Kf2+ 66. Kf6 e1=Q 67. Rxe1 Kxe1 68. h5 Rf2+ 69. Kg6 Rg2+ 70. Kf6 Kf2 71. h6 Kg3 72. h7 Rh2 73. Kg7 Kg4 74. h8=Q Rxh8 75. Kxh8 1/2-1/2

[Event "Late-Titled-Tuesday-Blitz-April-23-2024"]
[Site "Chess.com"]
[Date "2024.04.23"]
[Round "8"]
[White "ural58"]
[Black "ilushka"]
[Result "1-0"]
[WhiteElo "2561"]
[BlackElo "2538"]
[TimeControl "180+1"]
[EndTime "15:31:09 PDT"]
[Termination "ural58 won on time"]

1. e4 c5 2. b3 e5 3. Bb2 Nc6 4. f4 d6 5. Bb5 exf4 6. Nf3 Nf6 7.
O-O Be7 8. e5 dxe5 9. Nxe5 Qc7 10.
Nxc6 bxc6 11. Bc4 O-O 12. Qf3 Bg4 13. Qf2 Rae8 14. h3 Bh5 15. Qxf4 Qxf4 16. Rxf4 Bd6 17. Rf1 Nd5 18. Na3 Re7 19. Nb5 cxb5 20. Bxd5 Bg3 21. Bf3 Bg6 22. d3 f6 23. Bc3 b4 24. Bd2 Be5 25. Rae1 Bd4+ 26. Kh2 Rfe8 27. Rxe7 Rxe7 28. g3 Kf8 29. Kg2 Be8 30. Be4 Bg6 31. Bf3 h5 32. h4 Bf7 33. Bf4 g6 34. Bd6 Ke8 35. Bxe7 Kxe7 36. Re1+ Kd7 37. Bb7 f5 38. Kf1 Kd6 39. Ba6 Be5 40. Kg2 Bd5+ 41. Kh3 Be6 42.
Bc4 Bd7 43. Kg2 Bc6+ 44. Kf2 Bd4+ 45. Ke2 Be5 46. Rg1 Bd4 47. Rf1 Be5 48. Bf7 Bxg3 49. Bxg6 f4 50. Bxh5 Ke5 51. Bf3 Bxf3+ 52. Kxf3 Bxh4 53.
Rh1 Bg3 54. Rh7 Kd4 55. Rxa7 Kc3 56. Rc7 Kxc2 57. Rxc5+ Kb2 58. d4 Kxa2 59. d5 Kxb3 60. d6 Bh4 61. Rh5 Bd8 62. Kxf4 Kc2 63. Rh8 Bb6 64.
Rc8+ Kb3 65. Rc6 Ba5 66. Ke4 Kb2 67. Ra6 Bd8 68. Ra8 Bh4 69. Rh8 1-0

[Event "Late-Titled-Tuesday-Blitz-April-23-2024"]
[Site "Chess.com"]
[Date "2024.04.23"]
[Round "8"]
[White "english_player_89"]
[Black "ArtemDyachuk"]
[Result "0-1"]
[WhiteElo "2530"]
[BlackElo "2722"]
[TimeControl "180+1"]
[EndTime "15:31:11 PDT"]
[Termination "ArtemDyachuk won on time"]

1. e4 e5 2. Nf3 Nc6 3. Bc4 Nf6 4. d3 h6 5. Nc3 g6 6. d4 exd4 7. Nxd4 Qe7 8. O-O Bg7 9. Re1 O-O 10. Bb3 d6 11. Nd5 Nxd5 12. exd5 Qxe1+ 13. Qxe1 Nxd4 14. c3 Nxb3 15. axb3 Bf5 16. Be3 b6 17. b4 a5 18.
bxa5 bxa5 19. Qd2 h5 20. Bd4 Rfb8 21. Bxg7 Kxg7 22. h3 Rb3 23. Ra4 Rab8 24. Qd4+ Kg8 25. Rxa5 Rxb2 26. Ra7 R2b7 27. Rxb7 Rxb7 28. g4 hxg4 29.
hxg4 Bd7 30. Kg2 Rb1 31. Kg3 Rg1+ 32. Kh2 Rxg4 33. Qf6 Bf5 34. Qd8+ Kg7 35. Qxc7 Rh4+ 36. Kg3 Rh3+ 37. Kg2 Rd3 38. Qxd6 Be4+ 39. Kh2 Rxd5 40.
Qe7 Bd3 41. Kg3 Bc4 42. Qc7 Rd3+ 43. Kf4 Bd5 44. Ke5 Be6 45. c4 Rf3 46. c5 Rxf2 47. c6 g5 48. Qb6 Re2+ 49. Kd6 g4 50. c7 Rd2+ 51. Ke7 Rc2 52. Qd4+ Kg6 53. Qe4+ Bf5 54.
Qf4 Rc6 55. Kd8 Rc3 56. Qe5 Rd3+ 57. Ke7 Rd7+ 58. Ke8 Rd1 59. Ke7 Be6 60. Qe4+ Kg7 61. Qe5+ Kg6 62. Qxe6+ fxe6 63. c8=Q Kg5 64. Qg8+ Kh4 65.
Qh8+ Kg3 66. Kxe6 Rf1 67. Qd4 Kh3 68. Qe4 Rf2 69. Qh7+ Kg2 70. Ke5 g3 71. Ke4 Kg1 0-1

[Event "Late-Titled-Tuesday-Blitz-April-23-2024"]
[Site "Chess.com"]
[Date "2024.04.23"]
[Round "8"]
[White "stasOR4ik"]
[Black "jinbojinbo"]
[Result "1-0"]
[WhiteElo "2481"]
[BlackElo "2627"]
[TimeControl "180+1"]
[EndTime "15:31:12 PDT"]
[Termination "stasOR4ik won on time"]

1. e4 e5 2. Nf3 Nc6 3. Bb5 a6 4. Ba4 d6 5. O-O Bd7 6. c3 g6 7. d4 Bg7 8. Be3 Nf6 9. Nbd2 O-O 10. h3 Re8 11. Bxc6 Bxc6 12. dxe5 dxe5 13. Qc2 Qe7 14.
Bg5 Qe6 15. Rfe1 h6 16. Bh4 Nh5 17. Nb3 b6 18. Rad1 a5 19. Nc1 a4 20. a3 g5 21.
Bg3 Rad8 22. Nd3 Nxg3 23. fxg3 f5 24. exf5 Qxf5 25. Nb4 Qxc2 26. Nxc2 e4 27. Nfd4 Bd7 28.
Ne3 Be5 29. g4 Bg3 30. Re2 c5 31. Ndc2 Bb5 32. Rxd8 Rxd8 33. c4 Bc6 34. Kf1 Be5 35.
Nf5 Rd1+ 36. Kf2 Kh7 37. Nce3 Rb1 38. Nd5 Rxb2 39. Nfe7 Bb7 40. Rxb2 Bxb2 41. Nxb6 Bxa3 42. Nxa4 Kg7 43. Ke3 Kf7 44. Nf5 Kg6 45. Nc3 Bc1+ 46.
Ke2 h5 47. Ne7+ Kf7 48. Ned5 hxg4 49. hxg4 Ke6 50. Nxe4 Bxd5 51. cxd5+ Kxd5 52. Ng3 c4 53. Nf1 Bf4 54. g3 Bc1 55. Nh2 Ke4 56. Nf3 c3 57.
Ne1 Be3 58. Nc2 Bd2 59. Nb4 Kd4 60. Nc2+ Kc4 61. Na1 Kb4 62. Kd3 Be1 63. Nc2+ Kb3 64. Nd4+ Kb2 65. Nc2 Bxg3 66. Ne3 Bf2 67. Nd1+ Kb1 68.
Nxc3+ Kb2 69. Nd1+ Kc1 70. Nxf2 1-0

[Event "Late-Titled-Tuesday-Blitz-April-23-2024"]
[Site "Chess.com"]
[Date "2024.04.23"]
[Round "8"]
[White "finec2"]
[Black "Indefatigable11"]
[Result "1/2-1/2"]
[WhiteElo "2235"]
[BlackElo "2392"]
[TimeControl "180+1"]
[EndTime "15:31:21 PDT"]
[Termination "Game drawn - insufficient material"]

1. e4 e5 2. Nf3 Nc6 3. Bc4 Bc5 4.
c3 Nf6 5. d3 O-O 6. O-O d6 7.
a4 a5 8. Nbd2 Be6 9. h3 Qd7 10. Bxe6 fxe6 11. Nc4 Qf7 12. d4 exd4 13. cxd4 Ba7 14. Re1 e5 15. d5 Nd4 16. Nxd4 Bxd4 17. Be3 Bxe3 18. Rxe3 Rfd8 19. b3 Rd7 20. f3 Ra6 21.
Rd3 Ne8 22. Qd2 b6 23. Rc1 Ra8 24. Rdc3 Qe7 25. Ne3 g6 26. Rc6 Ra7 27. R1c4 Nf6 28.
Ng4 Nh5 29. Kh2 Qh4 30. Qf2 Qg5 31. Qe3 Qh4 32. Qf2 Qe7 33. g3 Ng7 34. h4 h5 35.
Ne3 Qf6 36. Kg2 Rf7 37. Rc3 Ne8 38. Rd3 Qe7 39. Nc4 Nf6 40. Nd2 Ra8 41. Qe3 Raf8 42.
Qg5 Kg7 43. Rdc3 Qd8 44. Nc4 Qd7 45. Ne3 Ne8 46. Nf5+ Rxf5 47. exf5 Rxf5 48. Qe3 Qf7 49. Kf2 Nf6 50. Rxc7 Ng4+ 51. Ke2 Nxe3 52. Rxf7+ Rxf7 53. Kxe3 Rb7 54. Ke4 b5 55. Rc6 bxa4 56. bxa4 Rb4+ 57. Ke3 Rxa4 58. Rxd6 Ra3+ 59. Ke4 Ra4+ 60. Kxe5 Ra3 61. f4 Rxg3 62. Rd7+ Kh6 63. Ra7 Re3+ 64. Kf6 Re4 65. f5 gxf5 66. Kxf5 Rd4 67. Rxa5 Rxh4 68. d6 Rd4 69.
Ke6 h4 70. Ra8 Kg6 71. Rg8+ Kh7 72. Rg1 h3 73. Rh1 Rd3 74. d7 Kg6 75. Ke7 Kg5 76. d8=Q Rxd8 77. Kxd8 Kg4 78. Rxh3 Kxh3 1/2-1/2

[Event "Late-Titled-Tuesday-Blitz-April-23-2024"]
[Site "Chess.com"]
[Date "2024.04.23"]
[Round "8"]
[White "realburq"]
[Black "venturov"]
[Result "0-1"]
[WhiteElo "2370"]
[BlackElo "2512"]
[TimeControl "180+1"]
[EndTime "15:31:33 PDT"]
[Termination "venturov won by checkmate"]

1. d4 Nf6 2. Nc3 c5 3. d5 e6 4. e4 exd5 5. exd5 d6 6. Bb5+ Bd7 7. a4 Be7 8. Nf3 O-O 9. O-O a6 10. Bxd7 Nbxd7 11. Bf4 Rb8 12. Re1 b5 13. axb5 axb5 14. Ra6 b4 15. Nb1 Nb6 16. Ra7 Nfxd5 17. Bg3 Bf6 18.
c4 bxc3 19. Nxc3 Nxc3 20. bxc3 Bxc3 21. Re3 Be5 22. Nxe5 dxe5 23. Rd3 Qf6 24. Rd6 Rbd8 25. Bxe5 Rxd6 26. Qxd6 Qxd6 27. Bxd6 Rd8 28. Rb7 Nc8 29. Rb8 h6 30. Kf1 c4 31. Bc7 Re8 32. Rb4 Ne7 33. Bd6 Nf5 34. Bc5 Re4 35. f3 Rh4 36. h3 Kh7 37. Ke2 Kg6 38. g4 Ng3+ 39. Ke3 Rxh3 40. Rxc4 h5 41. Bd4 hxg4 42. Rc6+ f6 43.
fxg4 Nf5+ 44. Ke4 Nxd4 45. Kxd4 Rh4 46. Ke3 Rxg4 47. Kf3 Ra4 48. Rc8 Kf5 49. Rc5+ Kg6 50. Kg3 f5 51. Rb5 Kg5 52. Rb6 g6 53. Rb3 Rc4 54.
Kf3 Kh4 55. Rb1 Rc3+ 56. Kf4 Rc4+ 57. Kf3 Kg5 58. Rb6 Rc3+ 59. Kf2 f4 60. Rb1 Kf5 61.
Rh1 g5 62. Rg1 g4 63. Ra1 Rc2+ 64. Kf1 g3 65. Ra8 Kg4 66. Ra3 Rf2+ 67. Kg1 Rb2 68. Ra1 Kh3 69. Rf1 Rg2+ 70. Kh1 Rh2+ 71.
Kg1 Kg4 72. Re1 f3 73. Re4+ Kf5 74. Rb4 f2+ 75. Kf1 Rh1+ 76. Kg2 f1=Q+ 77. Kxg3 Rg1+ 78. Kh2 Qf2+ 79. Kh3 Qg2+ 80. Kh4 Qg5+ 81. Kh3 Qg3# 0-1

[Event "Late-Titled-Tuesday-Blitz-April-23-2024"]
[Site "Chess.com"]
[Date "2024.04.23"]
[Round "8"]
[White "Evan_Attaker"]
[Black "GMKrikor"]
[Result "0-1"]
[WhiteElo "2610"]
[BlackElo "2886"]
[TimeControl "180+1"]
[EndTime "15:32:16 PDT"]
[Termination "GMKrikor won by checkmate"]

1. Nf3 d5 2. c4 d4 3. b4 c5 4.
Qa4+ Bd7 5. b5 Qc7 6. g3 e5 7.
d3 Bd6 8. Bg2 Ne7 9. O-O O-O 10.
e3 Bf5 11. e4 Bc8 12. Qc2 g6 13. Nh4 f5 14. Bh6 Rf7 15. exf5 gxf5 16. f4 Nd7 17.
Nd2 Ng6 18. fxe5 Ndxe5 19. Nxg6 hxg6 20. Bd5 Ng4 21. Bf4 Bxf4 22. Rxf4 Ne3 23. Bxf7+ Qxf7 24. Qb2 b6 25. Nf1 Ng4 26. Re1 Bb7 27. Qe2 Kf8 28. h3 Nf6 29. g4 Re8 30. Qf2 Rxe1 31. Qxe1 Qc7 32. Qf2 Kf7 33. h4 Qe5 34. Ng3 fxg4 35.
Rxg4 Kg7 36. Rf4 Bc8 37. h5 g5 38. h6+ Kg6 39. Rxf6+ Qxf6 40. Qxf6+ Kxf6 41. Ne4+ Kg6 42. h7 Kxh7 43. Nxg5+ Kg6 44. Nf3 Bf5 45. Kf2 Kf6 46.
Ne1 Kg5 47. Kf3 Bg4+ 48. Kg3 Be2 49. Kf2 Bd1 50. Kg3 Be2 51. Kf2 Bh5 52. Kg3 Bg4 53.
Ng2 Bf5 54. Nf4 Kf6 55. Kf3 Ke5 56. a3 Bd7 57. Kg3 Bc8 58. Ng6+ Kf6 59. Nf4 Bf5 60. Kh4 Bh7 61. Kg4 Bf5+ 62. Kf3 Bh7 63. Ke2 Ke5 64.
Nd5 Bf5 65. Nc7 Bd7 66. Nd5 Kd6 67. Kf3 Bxb5 68. Nf4 Bc6+ 69. Ke2 Bd7 70. Kd2 Bc6 71. Ng6 Be8 72. Nf4 Bf7 73. Kc2 Ke5 74. Ne2 Bg6 75. Kd2 Bh5 76. Ng3 Bg6 77. Ne2 a6 78. Nc1 Bf5 79. Ne2 Bg4 80. Ng3 Bf3 81. Ke1 Kf4 82. Kf2 Bd1 83. Nf1 Bg4 84. Ng3 Bf5 85. Nh5+ Kg5 86. Ng7 Bxd3 87. Ne6+ Kf6 88. Nc7 Bxc4 89. Ke1 Ke5 90. Kd2 Kd6 91. Na8 Kc6 92. a4 Kb7 93. a5 bxa5 94. Kc2 Kxa8 95. Kb2 Bb5 96. Ka3 Kb7 97. Kb3 Kc6 98. Ka2 Kd5 99. Ka3 c4 100. Kb2 Kc5 101. Ka2 Kb4 102. Ka1 a4 103. Kb2 a3+ 104. Ka1 c3 105. Kb1 d3 106. Ka2 d2 107. Kb1 d1=Q+ 108. Ka2 Bc4# 0-1

[Event "Late-Titled-Tuesday-Blitz-April-23-2024"]
[Site "Chess.com"]
[Date "2024.04.23"]
[Round "8"]
[White "Aygehovit1992"]
[Black "dropstoneDP"]
[Result "1/2-1/2"]
[WhiteElo "2721"]
[BlackElo "2995"]
[TimeControl "180+1"]
[EndTime "15:32:38 PDT"]
[Termination "Game drawn by repetition"]

1. e4 e5 2. Nf3 Nf6 3. Nxe5 d6 4. Nf3 Nxe4 5. Qe2 Qe7 6. d3 Nf6 7. Bg5 Qxe2+ 8. Bxe2 Be7 9. Nc3 h6 10. Bd2 Nc6 11. O-O-O Be6 12. Nh4 g5 13. Nf3 O-O-O 14. Rde1 Rde8 15. h3 Rhg8 16. Nb5 Nd5 17. a3 Nf4 18. Bxf4 gxf4 19. Rhg1 Bf6 20. Nc3 d5 21. Nd1 Kd7 22. Nd2 Nd4 23. c3 Nxe2+ 24. Rxe2 Bxh3 25.
Rxe8 Kxe8 26. Rh1 Bxg2 27. Rxh6 Bg5 28. Rh5 d4 29. cxd4 Bf6 30. d5 Bd4 31. Rf5 Rg4 32. Ne4 Bxe4 33. dxe4 f3 34. e5 Re4 35. e6 fxe6 36. dxe6 Rxe6 37. Rxf3 Re2 38. Rd3 Bxf2 39. Rd2 Rxd2 40. Kxd2 Bd4 41. Kd3 Bf6 42. b3 Kd7 43. Kc4 c6 44. a4 Kd6 45. Nf2 Be7 46. b4 a6 47. a5 Ke5 48. Nd3+ Kd6 49. Nc5 Kc7 50.
Ne6+ Kd7 51. Nd4 Bf8 52. Nf3 Bg7 53. Nd2 Bf6 54. Ne4 Be7 55. Nc3 Kc8 56. Na4 Kc7 57. Nc3 Bg5 58. Ne4 Be3 59. Nc3 Bg1 60. Na4 Kd6 61.
Nc3 Be3 62. Ne4+ Kd7 63. Nf6+ Kd8 64. Ne4 Kc7 65. Nc3 Bf2 66. Na4 Ba7 67. Nc3 Kd6 68. Ne4+ Ke6 69. Nd2 Bb8 70. Ne4 Bd6 71. Ng5+ Kd7 72.
Nf3 c5 73. bxc5 Bc7 74. Kb4 Kc6 75. Nd4+ Kd5 76. Nf5 Bf4 77. Ne7+ Ke6 78. Nc8 Bd2+ 79. Ka4 Kd5 80. Nd6 Kc6 81. Ne4 Be1 82. Nd6 Bf2 83.
Ne4 Bxc5 84. Nc3 Bd4 85. Ne4 Kd5 86. Nd2 Bc3 87. Nb3 Kc4 88. Nc1 Bf6 89. Nb3 Bg5 90.
Na1 Kc3 91. Nb3 Be3 92. Na1 Kb2 93. Nb3 Kc3 94. Na1 Bc5 95. Nb3 Bd6 96. Nc1 Be5 97.
Nb3 Kc4 98. Nd2+ Kd5 99. Nb3 Bc7 100. Nd2 Bf4 101. Nb3 Bh6 102. Na1 Kc4 103. Nb3 Bg5 104. Na1 Be7 105. Nb3 Bb4 106. Na1 Be1 107. Nc2 Bd2 108. Na1 Be3 109. Nb3 Kc3 1/2-1/2

[Event "Late-Titled-Tuesday-Blitz-April-23-2024"]
[Site "Chess.com"]
[Date "2024.04.23"]
[Round "8"]
[White "Hikaru"]
[Black "MagnusCarlsen"]
[Result "1/2-1/2"]
[WhiteElo "3319"]
[BlackElo "3234"]
[TimeControl "180+1"]
[EndTime "15:32:49 PDT"]
[Termination "Game drawn by 50-move rule"]

1. e4 c6 2. Nc3 g6 3. Nf3 Bg7 4. d4 d5 5. e5 f6 6. exf6 Nxf6 7. Be2 O-O 8. O-O Qd6 9. Ne5 Nbd7 10. f4 Nb6 11. a4 a5 12. b3 Bf5 13. Ba3 Qc7 14.
Bd3 Nc8 15. Ne2 Nd6 16. Ng3 e6 17. c4 Bxd3 18. Qxd3 Rfe8 19. Bxd6 Qxd6 20. c5 Qc7 21. Rac1 Re7 22. Kh1 Rf8 23. Rf3 Nd7 24. Nxd7 Rxd7 25. Ne2 Rdf7 26. Re3 Re7 27. g3 b6 28. cxb6 Qxb6 29.
Qc3 Kf7 30. Rd3 Rc8 31. Ng1 Rec7 32. Qc5 Qxc5 33. Rxc5 Ra8 34. Nf3 Ke7 35. Kg2 Kd6 36. Rdc3 Ra6 37. Kf2 Rb7 38. Ne5 Bxe5 39. fxe5+ Kd7 40.
Rf3 Ke7 41. Ke2 Rb4 42. Rd3 g5 43. g4 Kd7 44. Kd2 Kc7 45. Kc3 Kb6 46. Rf3 Ra7 47.
Rf6 Re7 48. Rf8 Rb7 49. Rc8 Rf7 50. R8xc6+ Kb7 51. Kb2 Rf2+ 52. Ka3 Rf3 53. Rc7+ Kb8 54. Rc8+ Kb7 55. R8c7+ Kb8 56. Rc3 Rxc3 57. Rxc3 Rxd4 58. Rc6 Rxg4 59. Rxe6 Rh4 60. Rd6 Rxh2 61. Rxd5 g4 62. e6 Re2 63. Rg5 Rxe6 64. Rxg4 h5 65. Rh4 Rh6 66. b4 axb4+ 67. Kxb4 Kb7 68. Kc5 Ka6 69. Kd5 Ka5 70. Ke5 Rb6 71. Kf5 Rb4 72. Rxh5 Kxa4 73. Rh8 Rb5+ 74. Ke4 Kb4 75. Kd4 Rb6 76. Rd8 Kb5 77.
Kd5 Kb4 78. Ke4 Kc5 79. Ke3 Re6+ 80. Kf2 Rd6 81. Rc8+ Rc6 82. Rh8 Rf6+ 83. Ke2 Re6+ 84. Kd2 Rd6+ 85. Kc3 Rc6 86. Rh5+ Kd6+ 87. Kd4 Kd7 88. Rh7+ Kd6 89. Rh2 Kd7 90. Kd5 Rd6+ 91. Kc5 Rc6+ 92. Kb5 Rd6 93. Rh7+ Ke6 94. Rh1 Rd5+ 95.
Kc4 Rd6 96. Rh2 Rc6+ 97. Kb5 Rd6 98. Kc5 Rd5+ 99. Kc6 Rd6+ 100. Kc7 Rd7+ 101. Kb6 Rd5 102. Rh6+ Ke5 103. Rh1 Rd6+ 104. Kc7 Rd4 105. Rg1 Kd5 106. Kd7 Ke5+ 107. Ke7 Kd5 108. Ra1 Re4+ 109. Kf6 Rd4 110. Kf5 Rd3 111. Ra8 Rf3+ 112. Kg4 Rb3 113. Re8 Rb4+ 114. Kf3 Rb3+ 115. Kf2 Rb4 116. Kg3 Re4 117. Rd8+ Ke5 118. Rh8 Re3+ 119. Kg4 Ra3 120. Re8+ Kf6 121. Rf8+ Ke5 122. Rf1 Ra2 1/2-1/2

[Event "Late-Titled-Tuesday-Blitz-April-23-2024"]
[Site "Chess.com"]
[Date "2024.04.23"]
[Round "9"]
[White "ZachHKL"]
[Black "Cambek64"]
[Result "1-0"]
[WhiteElo "2329"]
[BlackElo "2519"]
[TimeControl "180+1"]
[EndTime "15:41:22 PDT"]
[Termination "ZachHKL won by resignation"]

1. e4 e6 2. d4 d5 3. Nd2 c5 4. Ngf3 cxd4 5. Nxd4 dxe4 6. Nxe4 Qa5+ 7. c3 a6 8. Bd3 Nf6 9. Nxf6+ gxf6 10. O-O Bd7 11. Qf3 Qc7 12. Qxf6 Rg8 13. Bf4 Bd6 14. Bxd6 Qxd6 15.
Bxh7 Rf8 16. Nf5 1-0

[Event "Late-Titled-Tuesday-Blitz-April-23-2024"]
[Site "Chess.com"]
[Date "2024.04.23"]
[Round "9"]
[White "shirovin"]
[Black "VladimirBugayev"]
[Result "0-1"]
[WhiteElo "2083"]
[BlackElo "2241"]
[TimeControl "180+1"]
[EndTime "15:41:48 PDT"]
[Termination "VladimirBugayev won by resignation"]

1. e4 c6 2. d4 d5 3. exd5 cxd5 4. Bd3 Nc6 5. c3 g6 6. Bf4 Nf6 7. Nd2 Bf5 8. Bxf5 gxf5 9. Ngf3 e6 10. O-O Ne4 11. Ne5 Nxe5 12. Bxe5 f6 13. Bf4 Bd6 14. Qh5+ Ke7 15. Rfe1 Bxf4 16. Nb3 Qe8 17. Qh3 Qg6 18. f3 Ng5 19. Qh4 Nxf3+ 0-1

[Event "Late-Titled-Tuesday-Blitz-April-23-2024"]
[Site "Chess.com"]
[Date "2024.04.23"]
[Round "9"]
[White "PapaieDudu"]
[Black "2Coaches1Profile"]
[Result "0-1"]
[WhiteElo "2444"]
[BlackElo "2558"]
[TimeControl "180+1"]
[EndTime "15:42:16 PDT"]
[Termination "2Coaches1Profile won by checkmate"]

1. Nf3 g5 2. Nxg5 e5 3. Nf3 e4 4. Nd4 d5 5. e3 c5 6. Nb3 Nc6 7. d4 c4 8. N3d2 Be6 9. a4 Qa5 10.
Nc3 Nf6 11. Be2 Bd6 12. f3 exf3 13. Bxf3 a6 14. O-O Qc7 15. h3 Rg8 16. Kh1 O-O-O 17. Nxc4 dxc4 18. Bxc6 Qxc6 19. Rxf6 Qxg2# 0-1

[Event "Late-Titled-Tuesday-Blitz-April-23-2024"]
[Site "Chess.com"]
[Date "2024.04.23"]
[Round "9"]
[White "Boorchess"]
[Black "RebecaJimnz"]
[Result "1-0"]
[WhiteElo "2530"]
[BlackElo "2308"]
[TimeControl "180+1"]
[EndTime "15:42:36 PDT"]
[Termination "Boorchess won by resignation"]

1. d4 d5 2. c4 c6 3. cxd5 cxd5 4. Nc3 Nc6 5. e4 dxe4 6. d5 Ne5 7. Qa4+ Bd7 8. Qxe4 Ng6 9. Bc4 Nf6 10. Qe2 Qc7 11.
Nf3 Rc8 12. Bb3 Nf4 13. Bxf4 Qxf4 14. O-O g6 15. Rfe1 Bg4 16. Qb5+ Nd7 17. Ne5 Bg7 18. Re4 Qxe4 19. Nxe4 Bxe5 20. d6 exd6 21. Nxd6+ Bxd6 22. Re1+ Kf8 23. Qd5 Be6 24. Qxd6+ Kg7 25. Bxe6 fxe6 26. Qxd7+ 1-0

[Event "Late-Titled-Tuesday-Blitz-April-23-2024"]
[Site "Chess.com"]
[Date "2024.04.23"]
[Round "9"]
[White "DonJuanEGenaro"]
[Black "Cuchulin"]
[Result "1-0"]
[WhiteElo "2035"]
[BlackElo "2204"]
[TimeControl "180+1"]
[EndTime "15:42:37 PDT"]
[Termination "DonJuanEGenaro won by resignation"]

1. d4 d5 2. c4 e6 3. Nc3 Nf6 4. Bg5 Be7 5. e3 O-O 6. Nf3 Nbd7 7. Bd3 h6 8. Bh4 b6 9. cxd5 Nxd5 10.
Nxd5 exd5 11. Bxe7 Qxe7 12. O-O c5 13. dxc5 Nxc5 14.
Bc2 Bb7 15. Nd4 Rac8 16. Qg4 Qf6 17. Rac1 Ne4 18. Bxe4 dxe4 19. Qd7 Ba6 20. Rfd1 Bd3 21. Rxc8 Rxc8 22. Qxc8+ Kh7 23. Qf5+ 1-0

[Event "Late-Titled-Tuesday-Blitz-April-23-2024"]
[Site "Chess.com"]
[Date "2024.04.23"]
[Round "9"]
[White "Arteler"]
[Black "th3d4rkness"]
[Result "0-1"]
[WhiteElo "2248"]
[BlackElo "2137"]
[TimeControl "180+1"]
[EndTime "15:42:39 PDT"]
[Termination "th3d4rkness won by resignation"]

1. e4 c5 2. Nf3 Nc6 3. d4 cxd4 4. Nxd4 Nf6 5. Nc3 e5 6. Nb3 Bb4 7. Bd3 d5 8. O-O Bxc3 9. bxc3 dxe4 10. Bb5 O-O 11. Qe2 h6 12. f3 exf3 13. Rxf3 Bg4 14. Bxc6 bxc6 15. Ba3 Bxf3 16. Qxf3 Re8 17. Rd1 Qc7 18.
Kh1 Rad8 19. Rxd8 Rxd8 20. h3 e4 21. Qf1 Qg3 22. Nd4 c5 23. Nf5 Qe5 24. Bxc5 Qxc5 0-1

[Event "Late-Titled-Tuesday-Blitz-April-23-2024"]
[Site "Chess.com"]
[Date "2024.04.23"]
[Round "9"]
[White "CaspiIsrael"]
[Black "Slovineanu"]
[Result "1-0"]
[WhiteElo "2707"]
[BlackElo "2499"]
[TimeControl "180+1"]
[EndTime "15:43:29 PDT"]
[Termination "CaspiIsrael won by checkmate"]

1. e4 c6 2. d4 d5 3. e5 Bf5 4.
Nc3 e6 5. g4 Bg6 6. Nge2 c5 7.
h4 h5 8. Nf4 Bh7 9. dxc5 Nc6 10. Nxh5 Bxc5 11. Nxg7+ Kf8 12. Nh5 Nxe5 13. Bf4 Nc6 14.
Qd2 Rc8 15. Bh6+ Nxh6 16. Qxh6+ Ke7 17. Qf6+ Kd7 18. Qxf7+ Qe7 19. Nf6+ Kd6 20. Nb5+ Ke5 21. f4+ Kxf4 22. Nxd5+ Kg3 23. Qf4# 1-0

[Event "Late-Titled-Tuesday-Blitz-April-23-2024"]
[Site "Chess.com"]
[Date "2024.04.23"]
[Round "9"]
[White "whiteglovethief"]
[Black "MatthewG-p4p"]
[Result "0-1"]
[WhiteElo "2610"]
[BlackElo "2911"]
[TimeControl "180+1"]
[EndTime "15:43:31 PDT"]
[Termination "MatthewG-p4p won by resignation"]

1. d4 Nf6 2. c4 c5 3. d5 e6 4.
Nc3 exd5 5. cxd5 d6 6. e4 g6 7. f4 Bg7 8. e5 Nfd7 9. Nb5 dxe5 10. Nd6+ Ke7 11. Nxc8+ Qxc8 12. Nf3 e4 13. Ng5 Nb6 14. Nxe4 Re8 15. Be2 Bd4 16. f5 Qxf5 17. Bg5+ Kd7 18. Qxd4 cxd4 19. Bb5+ 0-1

[Event "Late-Titled-Tuesday-Blitz-April-23-2024"]
[Site "Chess.com"]
[Date "2024.04.23"]
[Round "9"]
[White "ansko1999"]
[Black "prochn"]
[Result "1-0"]
[WhiteElo "2599"]
[BlackElo "2464"]
[TimeControl "180+1"]
[EndTime "15:43:33 PDT"]
[Termination "ansko1999 won by resignation"]

1. c4 c6 2. d4 d5 3. Nf3 Nf6 4.
e3 Bf5 5. Bd3 Bxd3 6. Qxd3 e6 7.
O-O Be7 8. Nbd2 Nbd7 9. e4 dxe4 10. Nxe4 Nxe4 11. Qxe4 Nf6 12. Qe2 c5 13. Rd1 Qc7 14. dxc5 Bxc5 15. h3 O-O 16. a3 a5 17. Bg5 Be7 18. Rd2 a4 19. Rad1 h6 20. Bh4 Rfd8 21. Ne5 Rxd2 22. Rxd2 Rd8 23. Rxd8+ Qxd8 24. Qc2 Qd4 25.
Nf3 Bd6 26. Nxd4 1-0

[Event "Late-Titled-Tuesday-Blitz-April-23-2024"]
[Site "Chess.com"]
[Date "2024.04.23"]
[Round "9"]
[White "kylelancman"]
[Black "tarno17"]
[Result "1-0"]
[WhiteElo "2486"]
[BlackElo "2167"]
[TimeControl "180+1"]
[EndTime "15:43:37 PDT"]
[Termination "kylelancman won by resignation"]

1. e4 c5 2. Nf3 e6 3. c3 d5 4. exd5 Qxd5 5. d4 Nf6 6. Na3 a6 7. Nc4 Nbd7 8. Be2 cxd4 9. Nxd4 Qxg2 10. Bf3 Qg6 11. Bf4 Ne4 12. Qe2 Ndf6 13. O-O-O h6 14. Ne5 Qh7 15. Rhe1 Nxc3 16. bxc3 Ba3+ 17. Kd2 O-O 18.
Qd3 Qxd3+ 19. Nxd3 b5 20. Bxa8 1-0

[Event "Late-Titled-Tuesday-Blitz-April-23-2024"]
[Site "Chess.com"]
[Date "2024.04.23"]
[Round "9"]
[White "SahibSinghKnight"]
[Black "ChessBrainiacOnTwitch"]
[Result "0-1"]
[WhiteElo "2639"]
[BlackElo "2796"]
[TimeControl "180+1"]
[EndTime "15:43:41 PDT"]
[Termination "ChessBrainiacOnTwitch won by resignation"]

1. e4 c5 2. Nf3 d6 3. d4 cxd4 4. Nxd4 Nf6 5. Nc3 a6 6. Be3 e6 7.
f3 Be7 8. Qd2 O-O 9. g4 b5 10. g5 Nfd7 11. h4 Bb7 12. O-O-O Ne5 13. f4 Nec6 14. h5 Nxd4 15. Bxd4 Nc6 16. h6 g6 17. Bg7 Re8 18. f5 Bxg5 19. f6 Bxd2+ 20.
Rxd2 Ne5 21. Be2 b4 22. Na4 Bxe4 23. Rhd1 d5 24. Nc5 Bf5 25. Rd4 Rc8 26. Nd3 Nxd3+ 27.
Bxd3 Bxd3 28. R1xd3 Qc7 29. c3 bxc3 30. Rxc3 Qe5 31.
Rd3 d4 32. Rxc8 Rxc8+ 33. Kd2 Qh2+ 0-1

[Event "Late-Titled-Tuesday-Blitz-April-23-2024"]
[Site "Chess.com"]
[Date "2024.04.23"]
[Round "9"]
[White "GoltsevDmitry2000"]
[Black "Thjop"]
[Result "1-0"]
[WhiteElo "2744"]
[BlackElo "2571"]
[TimeControl "180+1"]
[EndTime "15:44:02 PDT"]
[Termination "GoltsevDmitry2000 won by resignation"]

1. d4 Nf6 2. Nc3 e6 3. Bf4 d5 4.
e3 Bb4 5. Bd3 c5 6. a3 Bxc3+ 7.
bxc3 c4 8. Bf1 Qa5 9. Ne2 Ne4 10.
f3 Nf6 11. g4 Nc6 12. h4 h5 13. g5 Nd7 14. Bh3 Nb6 15. g6 f6 16. Bh2 e5 17.
Bxc8 Rxc8 18. Kf2 Rd8 19. Qd2 Rd7 20. Rhb1 Kd8 21. a4 Nxa4 22. Rb4 Nxb4 23. cxb4 Qb5 24. dxe5 fxe5 25. Bxe5 Rf8 26. Nd4 c3 27. Qe2 Qxe2+ 28. Kxe2 Nb6 29. Ne6+ Ke7 1-0

[Event "Late-Titled-Tuesday-Blitz-April-23-2024"]
[Site "Chess.com"]
[Date "2024.04.23"]
[Round "9"]
[White "Akhayan"]
[Black "finec2"]
[Result "1-0"]
[WhiteElo "2416"]
[BlackElo "2231"]
[TimeControl "180+1"]
[EndTime "15:44:04 PDT"]
[Termination "Akhayan won by resignation"]

1. e4 c5 2. Nf3 e6 3. d4 cxd4 4. c3 d3 5. Bxd3 d6 6. O-O Nc6 7. c4 Nf6 8. Nc3 Qc7 9. b3 a6 10. Bb2 Be7 11. Rc1 Ne5 12. Bb1 O-O 13. Nd4 b6 14. f4 Ned7 15. Qf3 Bb7 16. Qh3 g6 17.
f5 e5 18. fxg6 hxg6 19. Nf5 gxf5 20. Rxf5 Nh7 21. Rcf1 Ndf6 22. Nd5 Bxd5 23. exd5 Kg7 24. Qg3+ Kh8 25. Rxf6 Nxf6 26. Rxf6 Bxf6 27. Qh3+ Bh4 28.
Qxh4+ Kg7 29. Qg5+ 1-0